 Dungeon Crawl Stone Soup version 0.31-a0-202-g547052bce9 (webtiles) character file.

Game seed: 7191807713455565657

17 qw the Shooter (level 2, -3/16 HPs)
             Began as a Deep Elf Hunter on June 26, 2023.
             Slain by a hobgoblin (4 damage)
             ... on level 1 of the Dungeon.
             The game lasted 00:00:09 (251 turns).

qw the Shooter (Deep Elf Hunter)                     Turns: 251, Time: 00:00:10

Health: -3/16      AC:  3    Str:  8    XL:     2   Next: 44%
Magic:  4/4        EV: 12    Int: 13    God:
Gold:   32         SH:  0    Dex: 18    Spells: 1/1 levels left

rFire   . . .        a - +0 shortbow
rCold   . . .        (shield currently unavailable)
rNeg    . . .        c - +0 leather armour
rPois   .            (no helmet)
rElec   .            (no cloak)
rCorr   .            (no gloves)
SInv    .            (no boots)
Will    .....        (no amulet)
Stlth   ++           (no ring)
HPRegen 0.22/turn    (no ring)
MPRegen 0.09/turn

%: no passive effects
@: no status effects
A: no striking features
a: no special abilities


You were on level 1 of the Dungeon.
You visited 1 branch of the dungeon, and saw 1 of its levels.

You collected 32 gold pieces.


   Skills:
 - Level 1.5 Fighting
 + Level 6.2 Ranged Weapons
 - Level 2.4 Dodging
 - Level 1.2 Stealth


You had one spell level left.
You didn't know any spells.
Your spell library was empty.

Inventory:

Hand Weapons
 a - a +0 shortbow (weapon)
Armour
 c - a +0 leather armour (worn)
 f - +0 pearl dragon scales
 i - a +2 helmet
Scrolls
 b - a scroll of butterflies
 d - a scroll of fear {unknown}
 e - 2 scrolls of identify {unknown}
 g - a scroll of immolation {unknown}
 h - a scroll of poison {unknown}

Dungeon Overview and Level Annotations

Branches:
Dungeon (1/15)

Altars:


Message History

You shoot an arrow. The arrow barely misses the jackal.
The jackal bites you but does no damage.
The jackal misses you.
You shoot an arrow.
The arrow hits the jackal but does no damage.
The jackal barely misses you.
You shoot an arrow. The arrow misses the jackal.
The jackal barely misses you. The hobgoblin closely misses you.
The jackal misses you.
You shoot an arrow. The arrow barely misses the jackal.
The arrow hits the ball python.
You kill the ball python!
The hobgoblin misses you.
The jackal bites you but does no damage.
The hobgoblin closely misses you.
You shoot an arrow. The arrow barely misses the kobold.
The jackal bites you.
The jackal bites you but does no damage.
The hobgoblin hits you. The kobold hits you with a +0 whip.
You shoot an arrow. The arrow hits the kobold.
You kill the kobold!
The jackal misses you.
The hobgoblin hits you but does no damage.
The jackal closely misses you.
You shoot an arrow. The arrow hits the kobold!
You kill the kobold!
The jackal closely misses you. The hobgoblin misses you.
You shoot an arrow. The arrow barely misses the jackal.
The jackal bites you. The hobgoblin hits you. The jackal bites you.
You shoot an arrow. The arrow closely misses the jackal.
The jackal closely misses you. The hobgoblin barely misses you.
You shoot an arrow. The arrow hits the jackal.
The jackal is lightly wounded.
The jackal bites you. The hobgoblin closely misses you.
The jackal barely misses you.
You shoot an arrow. The arrow hits the jackal.
The jackal is moderately wounded.
The jackal bites you but does no damage.
The hobgoblin hits you.
You die...

.....%..............#
.#####.####........#
..#####.####........# .
......#.......#...### ..
##..........)###
#.%###....##..#....###
##.................%.###
......g......##....#....
###.%h@.....###...####.
##.)...(..# #...# #.
#.:......# #...# ##
#?....(..# #...#
#........# #...#
#.....>..# #####
##########


You could see a jackal and a hobgoblin.

Vanquished Creatures
  3 bats (D:1)
  A goblin (D:1)
  3 jackals (D:1)
  6 kobolds (D:1)
  A quokka (D:1)
  A ball python (D:1)
  A frilled lizard (D:1)
16 creatures vanquished.

Notes
Turn   | Place    | Note
-------+----------+-------------------------------------------
     0 | D:1      | qw the Deep Elf Hunter began the quest for the Orb.
     0 | D:1      | Reached XP level 1. HP: 12/12 MP: 3/3
     0 | D:1      | 0 ||| qw: Version: 0.3-a-22-g0ed2b0b
     0 | D:1      | 0 ||| qw: Game counter: 5944
     0 | D:1      | 0 ||| qw: Melee chars always use a shield: true
     0 | D:1      | 0 ||| qw: God list: Okawaru
     0 | D:1      | 0 ||| qw: Allow faded altars: false
     0 | D:1      | 0 ||| qw: Do Orc after clearing Dungeon:15 true
     0 | D:1      | 0 ||| qw: Do second Lair branch before Depths: true
     0 | D:1      | 0 ||| qw: Lair rune preference: random
     0 | D:1      | 0 ||| qw: Goals: Normal
     0 | D:1      | 0 ||| PLANNING D:1-11
   111 | D:1      | Reached XP level 2. HP: 16/16 MP: 4/4
   115 | D:1      | Reached skill level 6 in Ranged Weapons
   248 | D:1      | HP: 3/16 [jackal (2)]
   250 | D:1      | HP: 1/16 [jackal (3)]
   251 | D:1      | Slain by a hobgoblin

Levels and vault maps discovered:
D:1:      saegor_arrival_miasma, layout_rooms

Skill      XL: |  1  2 |
---------------+-------+-----
Ranged Weapons | 6 |  6.2
Fighting       | |  1.5
Dodging        | |  2.4
Stealth        | |  1.2

Action                     || total
---------------------------++-------
   Fire: Shortbow          ||    42
 Armour: Leather armour    ||     6
  Dodge: Dodged            ||    15

Table legend:
 A = Non-vault XP
 B = Vault XP
 C = Vault XP percentage of total XP
 D = Non-vault monster count
 E = Vault monster count
 F = Vault count percentage of total count
                 A         B        C        D         E       F
            +---------+---------+-------+---------+---------+-------
      Total |      25 |       0 |   0.0 |      16 |       0 |   0.0
            +---------+---------+-------+---------+---------+-------
        D:1 |      25 |       0 |   0.0 |      16 |       0 |   0.0
            +---------+---------+-------+---------+---------+-------
